 Dungeon Crawl Stone Soup version 0.31-a0-329-g52107efa6a (webtiles) character file.

Game seed: 3687721981912151407

2357 AdnanSaban the Basher (level 9, -3/56 HPs)
             Began as a Gargoyle Fighter on July 19, 2023.
             Was an Initiate of Okawaru.
             Slain by an orc knight
             ... wielding a +0 battleaxe
              (6 damage)
             ... in a bailey.
             The game lasted 00:11:14 (4941 turns).

AdnanSaban the Basher (Gargoyle Fighter)            Turns: 4941, Time: 00:11:15

Health: -3/56      AC: 18    Str: 24    XL:     9   Next: 44%
Magic:  9/9        EV:  8    Int:  9    God:    Okawaru [......]
Gold:   415        SH:  5    Dex:  9    Spells: 8/8 levels left

rFire   . . .        n - +2 mace (holy)
rCold   . . .        c - +0 buckler
rNeg    + . .        F - +0 chain mail
rPois   ∞            (no helmet)
rElec   +            l - +0 cloak
rCorr   .            (no gloves)
SInv    +            (no boots)
Will    +....        f - amulet of regeneration Stlth
                     k - ring of willpower
HPRegen 1.09/turn    D - ring of see invisible
MPRegen 0.11/turn

%: no passive effects
@: attractive
A: sickness immunity, AC +6, negative energy resistance 1, electricity
resistance, torment resistance 1, petrification resistance
a: Renounce Religion


You were in a bailey.
You worshipped Okawaru.
Okawaru was noncommittal.
You visited 2 branches of the dungeon, and saw 8 of its levels.
You also visited: Bailey.

You collected 415 gold pieces.

Inventory:

Hand Weapons
 n - a +2 mace of holy wrath (weapon)
Armour
 c - a +0 buckler (worn)
 l - a +0 cloak (worn)
 F - a +0 chain mail (worn)
Jewellery
 f - an amulet of regeneration (around neck)
 k - a ring of willpower (left hand)
 o - a ring of flight
 s - an amulet of guardian spirit
 w - an amulet of magic regeneration
 D - a ring of see invisible (right hand)
Wands
 p - a wand of light (10)
 A - a wand of flame (13)
Scrolls
 a - 2 scrolls of enchant armour {unknown}
 g - 3 scrolls of immolation {unknown}
 i - 5 scrolls of identify {unknown}
 m - a scroll of brand weapon {unknown}
 r - a scroll of enchant weapon {unknown}
 t - a scroll of noise {unknown}
 y - 2 scrolls of fog {unknown}
 z - a scroll of revelation {unknown}
 C - a scroll of torment {unknown}
Potions
 d - 5 potions of might
 e - 2 potions of curing {unknown}
 h - 2 potions of haste {unknown}
 j - 3 potions of heal wounds {unknown}
 q - 4 potions of attraction
 u - a potion of resistance {unknown}
 v - a potion of magic {unknown}
 x - 2 potions of enlightenment {unknown}
 B - a potion of brilliance {unknown}
 E - a potion of cancellation {unknown}


   Skills:
 + Level 6.6 Fighting
 + Level 9.0 Maces & Flails
 + Level 7.0 Armour
 + Level 5.6 Shields


You had 8 spell levels left.
You didn't know any spells.
Your spell library contained the following spells:

 Spells                   Type           Power      Damage    Failure   Level
 Slow                     Hex            0%         N/A       93%         1
 Confusing Touch          Hex            0%         N/A       100%        3
 Dazzling Flash           Conj/Hex       0%         N/A       100%        3
 Vampiric Draining        Necr           0%         2d6       100%        3
 Agony                    Necr           0%         N/A       100%        5
 Silence                  Hex/Air        0%         N/A       100%        5
 Summon Small Mammal      Summ           Unusable   N/A       N/A         1
 Call Canine Familiar     Summ           Unusable   N/A       N/A         3
 Summon Guardian Golem    Hex/Summ       Unusable   N/A       N/A         3

Dungeon Overview and Level Annotations

Branches:
Dungeon (7/15)             Temple (1/1) D:6          Bailey (1/1)

Altars:
Ashenzari
Cheibriados
Dithmenos
Elyvilon
Fedhas
Gozag
Hepliaklqana
Kikubaaqudgha
Makhleb
Okawaru
Qazlal
Ru
Sif Muna
Trog
Uskayaw
Vehumet
Wu Jian
Xom
Yredelemnul
Zin
The Shining One

Shops:
D:6 (

Annotations:
D:2 1 runed translucent door, Crazy Yiuf


Innate Abilities, Weirdness & Mutations

You are immune to sickness and miasma.
Your stone body is resilient. (AC +6)
You are immune to poison.
You resist negative energy. (rN+)
You are resistant to electric shocks. (rElec)
You are resistant to unholy torment.
You are immune to petrification.


Message History

The orc knight hits you with a +0 battleaxe!
The orc knight attacks as you move away!
The orc knight closely misses you.
Items here: ))))) [[[[[ †††.
The orc knight attacks as you move away!
You block the orc knight's attack.
There is an open door here.
You barely miss the orc knight.
The orc knight is lightly wounded.
The orc knight barely misses you.
You sock the orc knight!
The orc knight is moderately wounded.
The orc knight hits you but does no damage.
You hit the orc knight but do no damage.
The orc knight is moderately wounded.
The orc knight hits you with a +0 battleaxe.
You barely miss the orc knight.
The orc knight is moderately wounded.
You closely miss the orc knight.
The orc knight is moderately wounded.
The orc knight barely misses you.
The orc knight hits you with a +0 battleaxe!
You barely miss the orc knight.
The orc knight is lightly wounded.
You barely miss the orc knight.
The orc knight is lightly wounded.
You block the orc knight's attack.
You hit the orc knight.
The orc knight is moderately wounded.
The orc knight hits you with a +0 battleaxe!!
* * * LOW HITPOINT WARNING * * *
It was a potion of attraction.
You feel attractive to monsters.
The orc knight hits you with a +0 battleaxe!
* * * LOW HITPOINT WARNING * * *
The orc knight attacks as you move away!
The orc knight completely misses you.
The orc knight attacks as you move away!
The orc knight hits you with a +0 battleaxe.
You die...

#.....⌠.....#######.....⌠.....#
##.........##.....##.........##
#.........#.......#.........#
##......)##.......##)......##
#......)[.........')......#
##.....##.........##.....##
#######.....⌠.....#######
##......o..## #.....@...#
##...)...## #.......# ##.....##
♣♣##'''##♣ ♣........♣
♣♣........♣♣ ♣.....∩....♣♣
♣...........♣


You could see an orc knight.

Vanquished Creatures
  Sigmund (D:5)
  Menkaure (D:4)
  4 orc warriors (Bailey)
  An ice beast (D:5)
  4 ogres
  A centaur (D:6)
  2 phantoms
  Blork the orc (D:5)
  4 scorpions
  3 jellies
  A howler monkey (D:5)
  3 hounds
  3 iguanas
  A sleepcap (D:7)
  Natasha (D:4)
  3 orc wizards
  6 gnolls
  4 adders
  4 white imps
  An ufetubus (D:6)
  4 worms
  5 dart slugs
  21 orcs
  5 endoplasms
  8 giant cockroaches
  15 goblins
  12 hobgoblins
  13 jackals
  6 quokkas
  9 ball pythons
  10 bats
  7 frilled lizards
  A goblin skeleton (D:4)
  2 goblin zombies (D:4)
  4 hobgoblin zombies (D:4)
  4 kobolds
  A kobold zombie (D:4)
  8 rats
184 creatures vanquished.

Notes
Turn   | Place    | Note
-------+----------+-------------------------------------------
     0 | D:1      | AdnanSaban the Gargoyle Fighter began the quest for the
                  | Orb.
     0 | D:1      | Reached XP level 1. HP: 14/14 MP: 1/1
   168 | D:1      | Reached XP level 2. HP: 19/19 MP: 2/2
   415 | D:1      | Reached XP level 3. HP: 24/24 MP: 3/3
   611 | D:1      | Found a faded altar of an unknown god.
  1244 | D:2      | Found a runed translucent door.
  1245 | D:2      | Noticed Crazy Yiuf
  1338 | D:2      | Reached skill level 3 in Maces & Flails
  1546 | D:3      | Reached XP level 4. HP: 25/29 MP: 4/4
  1719 | D:3      | Reached XP level 5. HP: 20/33 MP: 5/5
  1934 | D:3      | Reached skill level 4 in Maces & Flails
  2344 | D:4      | Reached XP level 6. HP: 38/38 MP: 6/6
  2408 | D:4      | Reached skill level 5 in Maces & Flails
  2410 | D:4      | Found an opulent altar of Gozag.
  2508 | D:4      | Found a glowing golden altar of the Shining One.
  2517 | D:4      | Reached XP level 7. HP: 44/44 MP: 7/7
  2567 | D:4      | Noticed Natasha
  2579 | D:4      | Killed Natasha
  2611 | D:4      | Reached skill level 5 in Armour
  2652 | D:4      | Noticed Menkaure
  2664 | D:4      | Killed Menkaure
  2812 | D:4      | Reached skill level 5 in Fighting
  2812 | D:4      | Reached skill level 6 in Maces & Flails
  2901 | D:5      | Entered Level 5 of the Dungeon
  3071 | D:5      | Reached XP level 8. HP: 39/49 MP: 8/8
  3491 | D:5      | Noticed Blork the orc
  3513 | D:5      | Killed Blork the orc
  3514 | D:5      | Reached skill level 7 in Maces & Flails
  3514 | D:5      | Reached skill level 5 in Shields
  3621 | D:5      | Noticed Sigmund
  3636 | D:5      | Killed Sigmund
  3895 | D:6      | Found Woaxoff's Antique Weapon Boutique.
  3964 | D:6      | Found a hide-covered altar of Uskayaw.
  3964 | D:6      | Found a burning altar of Makhleb.
  3964 | D:6      | Found a hazy altar of Hepliaklqana.
  3978 | D:6      | Reached skill level 8 in Maces & Flails
  4058 | D:6      | Reached XP level 9. HP: 55/55 MP: 9/9
  4118 | D:6      | Found a staircase to the Ecumenical Temple.
  4138 | Temple   | Entered the Ecumenical Temple
  4151 | Temple   | Became a worshipper of Warmaster Okawaru
  4577 | D:7      | Found a flagged portal.
  4587 | Bailey   | Entered a bailey
  4896 | Bailey   | Noticed an orc knight
  4917 | Bailey   | Reached skill level 9 in Maces & Flails
  4938 | Bailey   | HP: 1/56 [orc knight/+0 battleaxe (14)]
  4941 | Bailey   | Slain by an orc knight

Illustrated notes

Levels and vault maps discovered:
D:1:      minmay_arrival_plants_in_alcoves, layout_basic,
          dreamdust_ecumenical_altar_drowned_temple
D:2:      layout_basic, uniq_crazy_yiuf_cottage
D:3:      layout_loops_ring, minmay_fractal_squares_5
D:4:      layout_gridville, grunt_gozag_statues, nicolae_tso_besieged_by_evil,
          grunt_tough_drop, uniq_natasha, uniq_menkaure
D:5:      layout_cave_pods, uniq_sigmund, uniq_blork_the_orc
D:6:      layout_basic, chequers_temple_overflow_statue_of_worship,
          minmay_temple_entry_large_hall, serial_shops, shop,
          hangedman_decor_points
D:7:      layout_basic, enter_bailey_5
Temple:   regret_index_temple_sphere_string
Bailey:   bailey_axe_minmay_hex_keep, bailey

Skill      XL: |  1  2  3  4  5  6  7  8  9 |
---------------+----------------------------+-----
Maces & Flails | 3 4 5 6 8 9 |  9.0
Armour         | 4 5 6 7 |  7.0
Fighting       | 4 5 6 |  6.6
Shields        | 4 5 |  5.6

Action                     |  1- 3 |  4- 6 |  7- 9 || total
---------------------------+-------+-------+-------++-------
  Melee: Flail             |   162 |     4 |       ||   166
         Mace              |       |   175 |   386 ||   561
    Use: Potion            |       |       |     1 ||     1
 Armour: Scale mail        |   108 |   113 |   140 ||   361
         Chain mail        |       |       |    56 ||    56
  Dodge: Dodged            |   128 |    68 |   163 ||   359
  Block: Buckler           |    41 |    39 |    83 ||   163

Table legend: (Time is in decaauts)
 A = Elapsed time spent in this place.
 B = Non-inter-level travel time spent in this place.
 C = Inter-level travel time spent in this place.
 D = Time resting spent in this place.
 E = Time spent auto-exploring this place.
 F = Levels seen in this place.
 G = Mean time per level.
                   A        B        C        D        E       F      G
               +--------+--------+--------+--------+--------+-----+--------+
         Total |   5048 |   4836 |    212 |      0 |   3257 |   9 |  560.9 |
       Dungeon |   4670 |   4482 |    188 |      0 |   3257 |   7 |  667.1 |
        Temple |     26 |      2 |     24 |      0 |      0 |   1 |   26.0 |
        Bailey |    350 |    350 |      0 |      0 |      0 |   1 |  350.0 |
               +--------+--------+--------+--------+--------+-----+--------+

Top non-repeatable levels by time:
     D:5: 943 daAuts
     D:2: 865 daAuts
     D:3: 770 daAuts
     D:1: 712 daAuts
     D:6: 697 daAuts
     D:4: 653 daAuts
  Bailey: 350 daAuts
     D:7: 27 daAuts
  Temple: 26 daAuts
